 Dungeon Crawl Stone Soup version 0.22-a0-348-gd16d1391c7 (webtiles) character file.

1638 Laan the Destroyer (level 8, -7/41 HPs)
             Began as a Deep Elf Ice Elementalist on Apr 9, 2018.
             Was an Initiate of Vehumet.
             Killed from afar by Laan's ghost (19 damage)
             ... with a flame tongue
             ... on level 7 of the Dungeon.
             The game lasted 00:13:30 (7842 turns).

Laan the Destroyer (Deep Elf Ice Elementalist)      Turns: 7842, Time: 00:13:30

Health: -7/41      AC:  4    Str:  5    XL:     8   Next: 66%
Magic:  2/23       EV: 13    Int: 23    God:    Vehumet [......]
Gold:   260        SH:  0    Dex: 15    Spells: 18/25 levels left

rFire    . . .     SeeInvis .   r - +1 mace (holy)
rCold    . . .     Gourm    .   (no shield)
rNeg     . . .     Faith    .   s - +1 robe {MR+}
rPois    .         Spirit   .   k - +0 helmet
rElec    .         Reflect  .   (no cloak)
rCorr    .         Harm     .   (no gloves)
MR       +....                  (no boots)
Stlth    ++........             (no amulet)
HPRegen  0.13/turn              (no ring)
MPRegen  0.18/turn              (no ring)

@: no status effects
A: no striking features
a: Renounce Religion


You were on level 7 of the Dungeon.
You worshipped Vehumet.
Vehumet was noncommittal.
You were not hungry.

You visited 2 branches of the dungeon, and saw 8 of its levels.

You collected 260 gold pieces.

Inventory:

Hand Weapons
 r - a +1 mace of holy wrath (weapon)
Armour
 k - a +0 helmet (worn)
 s - a +1 robe of magic resistance (worn)
Wands
 f - a wand of polymorph (13)
Scrolls
 a - 2 scrolls of enchant weapon {unknown}
 d - 7 scrolls of identify
 e - a scroll of remove curse
 g - 4 scrolls of teleportation {unknown}
 j - 2 scrolls of amnesia {unknown}
 n - 2 scrolls of fear {unknown}
 o - a scroll of noise {unknown}
 p - 2 scrolls of magic mapping {unknown}
 u - a scroll of blinking {unknown}
Potions
 b - 2 potions of cancellation {unknown}
 h - 2 potions of ambrosia {unknown}
 i - a potion of might {unknown}
 l - a potion of brilliance {unknown}
 m - a potion of mutation {unknown}
 t - 2 potions of curing {unknown}
 v - a potion of invisibility
Comestibles
 c - 10 rations
 q - 5 chunks of flesh


   Skills:
 - Level 2.4 Dodging
 - Level 2.4 Stealth
 + Level 9.1 Spellcasting
 * Level 9.7 Conjurations
 - Level 3.2 Ice Magic


You had 18 spell levels left.
You knew the following spells:

 Your Spells              Type           Power        Failure   Level  Hunger
a - Freeze                Ice            ####         1%          1    None
b - Throw Frost           Conj/Ice       #####.       1%          2    None
c - Throw Icicle          Conj/Ice       #####...     4%          4    ##.....


Dungeon Overview and Level Annotations

Branches:
Dungeon (7/15)             Temple (1/1) D:5

Altars:
Dithmenos
Elyvilon
Fedhas
Makhleb
Nemelex Xobeh
Sif Muna
Uskayaw
Vehumet

Annotations:
D:7 Laan's ghost, novice DEFE


Message History

Laan's ghost hits you. Laan's ghost burns you.
* * * LOW HITPOINT WARNING * * *
Laan's ghost hits you but does no damage.
Casting: Throw Icicle (safe; 4% risk of failure)
Confirm with . or Enter, or press ? or * to list all spells.
Aiming: Throw Icicle (safe; 4% risk of failure)
Press: ? - help, Shift-Dir - straight line, f/p - Laan's ghost
Aim: Laan's ghost, wielding a weapon of flaming (heavily damaged)
The shard of ice hits Laan's ghost.
Laan's ghost is severely damaged.
Laan's ghost stares at you. Laan's ghost barely misses you.
Evoke which item? (* to show all) (? for menu, Esc to quit)
Aiming: Polymorph
Press: ? - help, Shift-Dir - straight line, f/p - Laan's ghost
Aim: Laan's ghost, wielding a weapon of flaming (heavily damaged, chance to defeat MR: 15%) Laan's ghost is unaffected.
Laan's ghost casts a spell at you. The flame tongue hits you!
You die...

##..###.## #
#...##.#.##.# .#
#.#....###...# .#
.##..##.#.#### .#
.#...###.## # .#
......##>#####.##.###
...>...(............
##.#........#####.#
#.#####.......W@.# #.
####...##### ###†#
≈.≈≈ #≈#..+ +. #≈# #≈
≈# ## ##


You could see Laan's ghost.

Vanquished Creatures
  Menkaure (D:7)
  Duvessa (D:4)
  A necrophage (D:7)
  3 ogres
  2 bullfrogs
  2 scorpions (D:6)
  Dowan (D:4)
  A killer bee (D:6)
  A centaur zombie (D:6)
  A jelly (D:6)
  2 hounds
  4 orc priests
  2 bullfrog skeletons
  2 iguanas
  4 orc wizards
  3 worker ants
  A worker ant zombie (D:7)
  7 adders
  3 shadow imps
  An ooze (D:3)
  6 worms
  2 dart slugs
  2 leopard geckos
  9 orcs
  A ball python (D:3)
  6 bats
  4 giant cockroaches
  7 goblins
  5 hobgoblins
  16 jackals
  2 quokkas (D:2)
  4 frilled lizards
  2 jackal skeletons
  7 kobolds
  A quokka skeleton (D:5)
  7 rats
124 creatures vanquished.

Notes
Turn   | Place    | Note
-------+----------+-------------------------------------------
     0 | D:1      | Laan the Deep Elf Ice Elementalist began the quest for the Orb.
     0 | D:1      | Reached XP level 1. HP: 10/10 MP: 6/6
   137 | D:1      | Reached XP level 2. HP: 15/15 MP: 1/9
   163 | D:1      | Learned a level 2 spell: Throw Frost
  1087 | D:2      | Reached XP level 3. HP: 12/19 MP: 6/10
  1438 | D:2      | Found a shadowy altar of Dithmenos.
  1499 | D:2      | Found a burning altar of Makhleb.
  1628 | D:2      | Found a faded altar of an unknown god.
  1646 | D:2      | Reached XP level 4. HP: 22/24 MP: 7/12
  1946 | D:3      | Reached skill level 5 in Spellcasting
  2129 | D:3      | Found a deep blue altar of Sif Muna.
  2467 | D:3      | Reached XP level 5. HP: 28/28 MP: 5/14
  3405 | D:4      | Reached skill level 5 in Conjurations
  3499 | D:4      | Reached XP level 6. HP: 32/32 MP: 7/16
  4022 | D:3      | Learned a level 4 spell: Throw Icicle
  4592 | D:4      | Noticed Dowan
  4594 | D:4      | Noticed Duvessa
  4602 | D:4      | Killed Dowan
  4602 | D:4      | Reached XP level 7. HP: 36/36 MP: 11/19
  4662 | D:4      | Killed Duvessa
  5128 | D:5      | Entered Level 5 of the Dungeon
  5999 | D:5      | Found a staircase to the Ecumenical Temple.
  6005 | Temple   | Entered the Ecumenical Temple
  6016 | Temple   | Became a worshipper of Vehumet
  6500 | D:6      | Reached XP level 8. HP: 41/41 MP: 11/21
  6509 | D:6      | Found a white marble altar of Elyvilon.
  7541 | D:7      | Noticed Menkaure
  7543 | D:7      | Killed Menkaure
  7825 | D:7      | Noticed Laan's ghost (novice DEFE)
  7842 | D:7      | Killed from afar by Laan's ghost

Vault maps used:
D:1:      dpeg_arrival_pond, minmay_misc_feat_tower, minmay_small_reverse_x
D:2:      overflow_temple_1_default, nicolae_dithmenos_through_a_glass_darkly,
          chequers_ecumenical_altar_simple_redux, minmay_tromino_v4_a
D:3:      lemuel_blue_sif_altar, first_ration, kennysheep_generic_room_8
D:4:      lemuel_upstairs_altar, uniq_duvessa
D:5:      minmay_temple_entry_fiery
D:6:      kennysheep_big_flooded_room, lemuel_coloured_pillars_altar
D:7:      serial_glass, glass_columns_a, glass_columns_c, serial_shops, shop,
          grunt_ogre_cave, kennysheep_generic_room_14, uniq_menkaure
Temple:   nicolae_temple_hex_pool

Skill      XL: |  1  2  3  4  5  6  7  8 |
---------------+-------------------------+-----
Spellcasting   | 4 5 6 7 9 |  9.1
Conjurations   | 2 3 4 5 6 8 9 |  9.7
Dodging        | |  2.4
Stealth        | |  2.4
Ice Magic      | |  3.2

Action                   |  1- 3 |  4- 6 |  7- 9 || total
-------------------------+-------+-------+-------++-------
Melee: Dagger            |    10 |       |       ||    10
       Unarmed           |     9 |       |       ||     9
       Short sword       |     1 |     4 |       ||     5
       Mace              |       |       |    45 ||    45
       Rapier            |       |       |     2 ||     2
 Cast: Freeze            |    61 |    49 |    25 ||   135
       Throw Frost       |       |    73 |    63 ||   136
       Throw Icicle      |       |     2 |    20 ||    22
Evoke: Wand              |       |       |     1 ||     1
  Use: Scroll            |     2 |       |     1 ||     3
       Potion            |       |     1 |       ||     1
 Stab: Sleeping          |     4 |     2 |       ||     6
  Eat: Chunk             |     2 |     9 |     8 ||    19
       Ration            |       |       |     1 ||     1
Armor: Robe              |     7 |     6 |    12 ||    25
Dodge: Dodged            |    37 |    22 |    39 ||    98

Table legend:
 A = Spawn XP
 B = Non-spawn XP
 C = Spawn XP percentage of total XP
 D = Spawn monster count
 E = Non-spawn monster count
 F = Spawn count percentage of total count
 G = Total turns spent on level
                    A         B        C        D         E        F      G
               +---------+---------+-------+---------+---------+-------+---------
         Total |       0 |    2340 |   0.0 |       0 |     124 |   0.0 |  7842
               +---------+---------+-------+---------+---------+-------+---------
           D:1 |       0 |      37 |   0.0 |       0 |      20 |   0.0 |  1078
           D:2 |       0 |      78 |   0.0 |       0 |      26 |   0.0 |   846
           D:3 |       0 |     141 |   0.0 |       0 |      26 |   0.0 |  1556
           D:4 |       0 |     761 |   0.0 |       0 |      17 |   0.0 |  1648
           D:5 |       0 |     239 |   0.0 |       0 |      12 |   0.0 |  1258
           D:6 |       0 |     649 |   0.0 |       0 |      16 |   0.0 |  1089
           D:7 |       0 |     435 |   0.0 |       0 |       7 |   0.0 |   344
               +---------+---------+-------+---------+---------+-------+---------
